 Dungeon Crawl Stone Soup version 0.29.0-7-g18a832c13a (webtiles) character file.

Game seed: 10346986048417285914

291 gelatine the Firebug (level 6, -2/48 HPs)
             Began as a Demonspawn Cinder Acolyte on Aug 31, 2022.
             Was a High Priest of Ignis.
             Slain by Duvessa
             ... wielding a +0 short sword
              (4 damage)
             ... on level 4 of the Dungeon.
             The game lasted 00:09:29 (3960 turns).

gelatine the Firebug (Demonspawn Cinder Acolyte)    Turns: 3960, Time: 00:09:29

Health: -2/48      AC:  4    Str: 14 (15) XL:     6   Next: 10%
Magic:  9/10       EV: 11    Int: 20 (21) God:    Ignis [*****.]
Gold:   184        SH:  0    Dex:  7 (10) Spells: 6/10 levels left

rFire   + . .      SeeInvis .   a - -1 hand axe (flame)
rCold   . . .      Faith    .   (no shield)
rNeg    . . .      Spirit   .   b - +0 robe
rPois   .          Reflect  .   (no helmet)
rElec   .          Harm     .   (no cloak)
rCorr   .          Rampage  .   (no gloves)
Will    .....                   (no boots)
Stlth   +.........              o - amulet of magic regeneration
HPRegen 0.16/turn               t - +6 ring of intelligence
MPRegen 0.52/turn               (no ring)

@: no status effects
A: molten scales 1, demonic magic 1, weakness stinger 2
a: Renounce Religion, Fiery Armour, Foxfire Swarm, Rising Flame


You were on level 4 of the Dungeon.
You worshipped Ignis.
Ignis was extremely pleased with you.
You visited 1 branch of the dungeon, and saw 4 of its levels.

You collected 184 gold pieces.

Inventory:

Hand Weapons
 a - a -1 hand axe of flaming (weapon)
Missiles
 m - 6 javelins (quivered)
Armour
 b - a +0 robe (worn)
Jewellery
 o - an amulet of magic regeneration (around neck)
 t - a +6 ring of intelligence (left hand)
 x - an amulet of guardian spirit
Wands
 c - a wand of light (6)
 n - a wand of flame (3)
Scrolls
 d - a scroll of blinking
 f - a scroll of enchant armour
 g - 4 scrolls of immolation
 l - 2 scrolls of butterflies {unknown}
 q - a scroll of magic mapping {unknown}
 r - a scroll of noise {unknown}
 s - a scroll of amnesia {unknown}
 v - a scroll of teleportation {unknown}
 w - a scroll of vulnerability {unknown}
 y - a scroll of fear {unknown}
Potions
 e - a potion of ambrosia
 h - a potion of berserk rage
 p - a potion of flight {unknown}
 u - a potion of invisibility {unknown}
 z - a potion of haste {unknown}


   Skills:
 + Level 3.7 Fighting
 + Level 3.6 Axes
 + Level 0.6 Throwing
 + Level 0.5 Dodging
 + Level 1.4 Stealth
 + Level 2.7 Spellcasting
 + Level 4.0 Fire Magic


You had 6 spell levels left.
You knew the following spells:

 Your Spells              Type           Power      Damage    Failure   Level
a - Scorch                Fire           36%        2d6       4%          2
b - Wereblood             Tmut           2%         N/A       22%         2

Your spell library contained the following spells:

 Spells                   Type           Power      Damage    Failure   Level
 Sublimation of Blood     Necr           2%         N/A       22%         2
 Ozocubu's Armour         Ice            2%         N/A       41%         3
 Ozocubu's Refrigeration  Ice            1%         4d7       100%        7
 Summon Hydra             Summ           1%         N/A       100%        7


Dungeon Overview and Level Annotations

Branches:
Dungeon (4/15)
 Temple: D:4-7

Altars:
Makhleb
Trog

Annotations:
D:4 Dowan, Duvessa


Innate Abilities, Weirdness & Mutations

You are partially covered in molten scales. (AC +2)
Spells you cast may paralyse adjacent enemies.
You have a tail ending in a sharp stinger.


Message History

You barely miss Duvessa.
Duvessa is lightly wounded.
You hit Dowan. You burn Dowan. Duvessa hits you with a +0 short sword!
Dowan points at Duvessa and mumbles some strange words.
Duvessa seems to speed up.
Unknown command.
Casting: Scorch (safe; 4% risk of failure)
Confirm with . or Enter, or press ? or * to list all spells.
You miscast Wereblood.
You are very lightly contaminated with residual magic.
Nothing appears to happen.
Dowan is no longer more vulnerable to fire.
Duvessa hits you with a +0 short sword! Dowan hits you but does no damage.
Duvessa hits you with a +0 short sword!
* * * LOW HITPOINT WARNING * * *
It was a potion of degeneration.
There was something very wrong with that liquid.
You feel weakened.
You feel dopey.
You feel clumsy. Duvessa hits you with a +0 short sword.
* * * LOW HITPOINT WARNING * * *
Dowan gestures at you while chanting.
You are outlined in light.
A shadow imp comes into view.
It was a potion of curing.
You feel better.
The shadow imp shouts!
Duvessa hits you with a +0 short sword.
* * * LOW HITPOINT WARNING * * *
Something hits you but does no damage. Dowan closely misses you.
Duvessa hits you with a +0 short sword.
* * * LOW HITPOINT WARNING * * *
It was a potion of cancellation.
Your magical effects are unravelling.
You feel magically purged.
Your magical contamination has completely faded away.
You are no longer glowing.
Something hits you.
* * * LOW HITPOINT WARNING * * *
An orc comes into view. It is wielding a +0 hand axe.
Duvessa hits you with a +0 short sword.
You die...

###....o..## ..........
#....5...# #........#
#........# #....o...#
#...ee{..# #@# # #####.#
#### #.#.....#
...#######.......#
##.......#.#.....# ##
##..####.#....##.###....
##..####.#.##..).....#
########
.......#.#.#####.#####
#.....(.
##.......#.......#
#.#####.


You could see Duvessa (fast), Dowan, a shadow imp and 2 orcs.

Vanquished Creatures
  A necrophage (D:4)
  A scorpion (D:4)
  2 iguanas (D:4)
  An orc wizard (D:4)
  3 adders
  2 dart slugs (D:1)
  2 orcs (D:4)
  2 ball pythons
  8 endoplasms
  6 giant cockroaches
  5 hobgoblins
  7 jackals
  5 kobolds
  3 quokkas
  3 bats
  2 frilled lizards
  5 goblins
  5 rats (D:1)
63 creatures vanquished.

Notes
Turn   | Place    | Note
-------+----------+-------------------------------------------
     0 | D:1      | gelatine the Demonspawn Cinder Acolyte began the quest for
                  | the Orb.
     0 | D:1      | Reached XP level 1. HP: 18/18 MP: 2/2
   511 | D:1      | Gained mutation: Spells you cast may paralyse adjacent
                  | enemies. [demonic ancestry]
   511 | D:1      | Reached XP level 2. HP: 22/24 MP: 3/3
   514 | D:1      | Learned a level 2 spell: Scorch
   618 | D:1      | Reached skill level 3 in Fire Magic
   850 | D:1      | Found a faded altar of an unknown god.
  1164 | D:2      | Reached XP level 3. HP: 29/29 MP: 4/4
  2493 | D:3      | Found a bloodstained altar of Trog.
  2794 | D:3      | Learned a level 2 spell: Wereblood
  3005 | D:3      | Gained mutation: You are partially covered in molten
                  | scales. (AC +2) [demonic ancestry]
  3005 | D:3      | Reached XP level 4. HP: 36/36 MP: 2/5
  3147 | D:4      | Noticed a necrophage
  3151 | D:4      | Killed a necrophage
  3152 | D:4      | Gained mutation: You have a small tail. [demonic ancestry]
  3152 | D:4      | Reached XP level 5. HP: 41/41 MP: 1/7
  3330 | D:4      | Found a burning altar of Makhleb.
  3451 | D:4      | Reached skill level 1 in Stealth
  3849 | D:4      | Reached skill level 4 in Fire Magic
  3849 | D:4      | Gained mutation: You have a tail ending in a sharp stinger.
                  | [demonic ancestry]
  3849 | D:4      | Reached XP level 6. HP: 48/48 MP: 5/10
  3946 | D:4      | Noticed Dowan
  3947 | D:4      | Noticed Duvessa
  3960 | D:4      | HP: 2/48 [something (1)]
  3960 | D:4      | Slain by Duvessa

Illustrated notes

Levels and vault maps discovered:
D:1:      psy_arrival_dodecagon, layout_basic,
          hellmonk_ecumenical_altar_defaced_shrine
D:2:      layout_loops_corners
D:3:      layout_basic, trog_three_pillars_becter
D:4:      layout_loops_cross, lightli_temple_of_fire, small_statue_intersection,
          uniq_duvessa

Skill      XL: |  1  2  3  4  5 |
---------------+----------------+-----
Axes           | 3 |  3.6
Fire Magic     | 3 4 |  4.0
Spellcasting   | 2 |  2.7
Stealth        | 1 |  1.4
Fighting       | |  3.7
Throwing       | |  0.6
Dodging        | |  0.5

Action                   |  1- 3 |  4- 6 || total
-------------------------+-------+-------++-------
Melee: Hand axe          |   106 |    24 ||   130
       Punch             |     2 |       ||     2
       Tailslap          |       |     2 ||     2
Throw: Javelin           |     2 |       ||     2
 Cast: Scorch            |    16 |    27 ||    43
       Wereblood         |       |     1 ||     1
  Use: Scroll            |     3 |       ||     3
       Potion            |       |     5 ||     5
 Stab: Paralysed         |     3 |     4 ||     7
Armor: Robe              |    20 |     4 ||    24
Dodge: Dodged            |    70 |    12 ||    82
